 Dungeon Crawl Stone Soup version 0.29.0-4-gdea44cf6ec (webtiles) character file.

Game seed: 7862839730405407858

37 qw the Chopper (level 3, -2/21 HPs)
             Began as a Tengu Warper on Aug 28, 2022.
             Succumbed to a goblin's poison
             ... on level 2 of the Dungeon.
             The game lasted 00:00:07 (1485 turns).

qw the Chopper (Tengu Warper)                       Turns: 1485, Time: 00:00:07

Health: -2/21      AC:  8    Str: 13    XL:     3   Next: 41%
Magic:  7/7        EV:  6    Int: 13    God:
Gold:   101        SH:  0    Dex: 13    Spells: 6/6 levels left

rFire   . . .      SeeInvis .   Y - +0 hand axe
rCold   . . .      Faith    .   (no shield)
rNeg    . . .      Spirit   .   l - +0 chain mail
rPois   .          Reflect  .   (helmet restricted)
rElec   .          Harm     .   (no cloak)
rCorr   .          Rampage  .   (no gloves)
Will    .....                   (boots unavailable)
Stlth   ..........              (no amulet)
HPRegen 0.07/turn               (no ring)
MPRegen 0.10/turn               (no ring)

@: lethally poisoned (-2 -> -32), about to teleport
A: beak, talons 3
a: no special abilities


You were on level 2 of the Dungeon.
You visited 1 branch of the dungeon, and saw 2 of its levels.

You collected 101 gold pieces.


Innate Abilities, Weirdness & Mutations

You have a beak for a mouth.
You have claws for feet.


   Skills:
 - Level 2.0 Fighting
 + Level 4.1 Axes
 - Level 1.0 Throwing
 - Level 1.1 Armour
 - Level 2.1 Dodging
 - Level 2.0 Spellcasting
 - Level 2.4 Translocations


You had 6 spell levels left.
You didn't know any spells.
Your spell library contained the following spells:

 Spells                   Type           Power      Damage    Failure   Level
 Blink                    Tloc           14%        N/A       99%         2
 Gell's Gravitas          Tloc           7%         N/A       100%        3
 Lesser Beckoning         Tloc           7%         N/A       100%        3
 Teleport Other           Tloc           7%         N/A       100%        3
 Manifold Assault         Tloc           7%         N/A       100%        5

Inventory:

Hand Weapons
 d - a +0 whip
 Y - a +0 hand axe (weapon)
Armour
 l - a +0 chain mail (worn)
Jewellery
 h - a ring of ice
Scrolls
 a - a scroll of teleportation
 b - a scroll of enchant armour {unknown}
Potions
 f - 2 potions of heal wounds {unknown}
 i - a potion of attraction {unknown}

Dungeon Overview and Level Annotations

Branches:
Dungeon (2/15)

Altars:

Annotations:
D:2 Robin


Message History

You open the door.
There is an open door here.
You open the door.
Found a dagger.
Enter note: As you open the door, it creaks loudly!
There is an open door here.
Robin and 2 goblins come into view.
A goblin is wielding a +1 dagger of electrocution.
Found 8 gold pieces.
Robin shouts!
The goblin shouts!
You hear a shout! x2
A goblin comes into view. It is wielding a +0 dagger.
Robin throws the goblin at you!
You hear a shout!
Enter note:
1481 ||| Stepping ~*~*~tactically~*~*~ (hiding).
The goblin attacks as you move away! The goblin hits you but does no damage.
You are poisoned.
You feel sick.
You barely miss the goblin. Your kick misses the goblin.
You feel sick. The goblin hits you but does no damage.
You are lethally poisoned!
A hobgoblin comes into view.
The hobgoblin shouts!
You hit the goblin. Your kick misses the goblin. Your peck misses the goblin.
The goblin is moderately wounded.
You feel very sick.
You hear a shout! x2
The goblin hits you but does no damage.
You are more poisoned.
You hear a shout!
You hit the goblin. Your kick misses the goblin. Your peck misses the goblin.
The goblin is heavily wounded.
You feel very sick.
The goblin hits you with a +0 dagger of venom.
You are more poisoned.
1485 ||| READING 2 scrolls of teleportation.
As you read the scroll of teleportation, it crumbles to dust.
You feel strangely unstable.
You die...

#........# ##...##
#. #.###.##.# ##'##
. #.# #.##.### #.#
#.# #......# #.# #.#
####.#.# #.##
#.######.#.# #...###
#........#.# $......
##########.####gg..#
#...@gg$.#
#######.#g# .. g# .g
g# #


You could see Robin, a hobgoblin and 3 goblins.

Vanquished Creatures
  A dart slug (D:1)
  5 bats (D:1)
  2 endoplasms
  2 giant cockroaches (D:1)
  4 goblins (D:1)
  2 hobgoblins (D:1)
  3 quokkas (D:1)
  3 ball pythons (D:1)
  3 frilled lizards
  4 kobolds (D:1)
  2 rats (D:1)
31 creatures vanquished.

Notes
Turn   | Place    | Note
-------+----------+-------------------------------------------
     0 | D:1      | qw the Tengu Warper began the quest for the Orb.
     0 | D:1      | Reached XP level 1. HP: 12/12 MP: 4/4
     0 | D:1      | 0 ||| qw: Version: 0.1-a-89-g26bdef1
     0 | D:1      | 0 ||| qw: Game counter: 89
     0 | D:1      | 0 ||| qw: Always use a shield: true
     0 | D:1      | 0 ||| qw: God list: Okawaru
     0 | D:1      | 0 ||| qw: Allow faded altars: false
     0 | D:1      | 0 ||| qw: Do Orc after D:15 true
     0 | D:1      | 0 ||| qw: Do second Lair branch before Depths: true
     0 | D:1      | 0 ||| qw: Lair rune preference: random
     0 | D:1      | 0 ||| qw: Plans: Normal
     0 | D:1      | 0 ||| PLANNING D:1-11
    68 | D:1      | 68 ||| Stepping ~*~*~tactically~*~*~ (stealth).
    77 | D:1      | Reached XP level 2. HP: 11/17 MP: 6/6
   186 | D:1      | 186 ||| DROPPING +0 club.
   213 | D:1      | Reached skill level 3 in Axes
   708 | D:1      | Reached XP level 3. HP: 21/21 MP: 7/7
   782 | D:1      | Reached skill level 4 in Axes
  1029 | D:1      | 1029 ||| UPGRADING to +0 scale mail.
  1039 | D:1      | 1039 ||| DROPPING +0 leather armour.
  1040 | D:1      | 1040 ||| UPGRADING to +0 chain mail.
  1050 | D:1      | 1050 ||| DROPPING +0 scale mail.
  1051 | D:1      | 1051 ||| READING 2 scrolls labelled CUJUCI BAMAGH.
  1056 | D:1      | 1056 ||| READING scroll labelled FOMOOS DELO.
  1057 | D:1      | 1057 ||| DRINKING 2 murky golden potions.
  1158 | D:1      | 1158 ||| DROPPING scroll of blinking.
  1159 | D:1      | 1159 ||| DROPPING potion of ambrosia.
  1480 | D:2      | Noticed Robin
  1481 | D:2      | 1481 ||| Stepping ~*~*~tactically~*~*~ (hiding).
  1484 | D:2      | HP: 4/21 [goblin/+0 dagger of venom[Robin] (3)]
  1485 | D:2      | 1485 ||| READING 2 scrolls of teleportation.
  1485 | D:2      | Succumbed to a goblin's poison

Levels and vault maps discovered:
D:1:      nzn_arrival_crosshair, layout_loops_ring, minmay_pentomino_z4
D:2:      layout_loops_corners, minmay_misc_feat_pillars, st_stairs_13,
          minivault_11, minmay_randomly_rotated_circles, uniq_robin

Skill      XL: |  1  2  3 |
---------------+----------+-----
Axes           | 3 4 |  4.1
Fighting       | |  2.0
Throwing       | |  1.0
Armour         | |  1.1
Dodging        | |  2.1
Spellcasting   | |  2.0
Translocations | |  2.4

Action                   || total
-------------------------++-------
Melee: Hand axe          ||    63
       Kick              ||    12
       Peck              ||     6
Throw: Boomerang         ||     7
  Use: Scroll            ||     3
       Potion            ||     1
Armor: Leather armour    ||    14
       Chain mail        ||     3
Dodge: Dodged            ||    27

Table legend:
 A = Non-vault XP
 B = Vault XP
 C = Vault XP percentage of total XP
 D = Non-vault monster count
 E = Vault monster count
 F = Vault count percentage of total count
                 A         B        C        D         E       F
            +---------+---------+-------+---------+---------+-------
      Total |      49 |       5 |   9.3 |      28 |       3 |   9.7
            +---------+---------+-------+---------+---------+-------
        D:1 |      46 |       5 |   9.8 |      26 |       3 |  10.3
        D:2 |       3 |       0 |   0.0 |       2 |       0 |   0.0
            +---------+---------+-------+---------+---------+-------
